 Dungeon Crawl Stone Soup version 0.27.1-33-g824d729ab1 (webtiles) character file.

Game seed: 9075366474581835223

270 dianekeaton the Cleaver (level 6, -3/51 HPs)
             Began as a Hill Orc Fighter on Dec 9, 2021.
             Shot with a bolt by a kobold (5 damage)
             ... on level 4 of the Dungeon.
             The game lasted 00:09:01 (3605 turns).

dianekeaton the Cleaver (Hill Orc Fighter)          Turns: 3605, Time: 00:09:02

Health: -3/51      AC: 10    Str: 20    XL:     6   Next: 22%
Magic:  6/6        EV:  5    Int:  8    God:
Gold:   145        SH: 10    Dex: 11    Spells: 5/5 levels left

rFire    . . .     SeeInvis .   a - +1 war axe
rCold    . . .     Faith    .   c - +1 kite shield
rNeg     . . .     Spirit   .   e - +0 chain mail
rPois    .         Reflect  .   g - +0 helmet
rElec    .         Harm     .   (no cloak)
rCorr    .         Rampage  .   (no gloves)
Will     .....                  (no boots)
Stlth    ..........             (no amulet)
HPRegen  0.17/turn              (no ring)
MPRegen  0.10/turn              (no ring)

@: mighty
A: no striking features
a: no special abilities


You were on level 4 of the Dungeon.
You visited 1 branch of the dungeon, and saw 4 of its levels.

You collected 215 gold pieces.
You spent 70 gold pieces at shops.

Inventory:

Hand Weapons
 a - a +1 war axe (weapon)
Armour
 c - a +1 kite shield (worn)
 e - a +0 chain mail (worn)
 g - a +0 helmet (worn)
 j - a +0 tower shield
 n - a +0 pair of boots
Jewellery
 o - a +6 ring of dexterity
Wands
 k - a wand of digging (4)
 l - a wand of acid (15)
Scrolls
 b - a scroll of identify
 p - a scroll of amnesia {unknown}
Potions
 d - a potion of might
 f - a potion of magic
 h - a potion of brilliance
 m - 2 potions of ambrosia


   Skills:
 - Level 3.6 Fighting
 + Level 8.3 Axes
 - Level 3.2 Armour
 - Level 0.3 Dodging
 - Level 3.2 Shields


You had 5 spell levels left.
You didn't know any spells.
Your spell library contained the following spells:

 Spells                   Type           Power      Damage    Failure   Level
 Alistair's Intoxication  Tmut/Pois      0%         N/A       100%        5
 Borgnjor's Vile Clutch   Necr/Erth      0%         N/A       100%        5
 Eringya's Noxious Bog    Tmut/Pois      0%         N/A       100%        6


Dungeon Overview and Level Annotations

Branches:
Dungeon (4/15)             Temple (0/1) D:4

Altars:
Elyvilon

Shops:
D:3 *

Annotations:
D:4 Blork the orc, Sigmund


Message History

Found a scroll of identify and a battleaxe.
You block the hound's attack. The hound barely misses you.
As you read the scroll of fog, it crumbles to dust.
The scroll dissolves into smoke.
You block the hound's attack. x2
The hound pauses to sniff the ground.
The hound bites you.
* * * LOW HITPOINT WARNING * * *
You block the hound's attack. The hound bites you but does no damage.
A quokka comes into view.
The hound bites you but does no damage. x2
An endoplasm comes into view.
The endoplasm quivers.
The quokka bites you.
* * * LOW HITPOINT WARNING * * *
You block the hound's attack. The hound bites you but does no damage.
Okay, then.
You feel very mighty all of a sudden.
The quokka bites you but does no damage.
The hound bites you.
* * * LOW HITPOINT WARNING * * *
You block the hound's attack. You block the quokka's attack.
The hound bites you.
* * * LOW HITPOINT WARNING * * *
You block the hound's attack. The hound bites you but does no damage.
You block the hound's attack. The quokka barely misses you.
The quokka bites you but does no damage.
You block the hound's attack. The hound barely misses you.
A kobold comes into view. It is wielding a +0 short sword.
The hound bites you but does no damage. You block the hound's attack.
The kobold shouts!
You block the quokka's attack.
The kobold unwields a +0 short sword.
The kobold wields a +0 hand crossbow.
The kobold shoots a bolt.
The bolt barely misses you.
The bolt hits the hound!
You block the hound's attack.
The quokka bites you but does no damage.
The kobold shoots a bolt.
You block the bolt. You block the hound's attack.
The kobold shoots a bolt.
The bolt hits you.
You die...

##
#####.......#..#..
.... .# #
#........#.......
#
#.#.§§§..........
.
###§§§§.)........
. #§§§§.....?..
#.§§§§§##......
#...)##§§§#....##
#..#. #...§##.###
.. # ##..r.h@..# #
#.#r##.....#
...#J#.....K...
........#..###.#.
............. #
.............#
............##
..........#


You could see a hound, 2 quokkas and a kobold.

Vanquished Creatures
  A scorpion (D:4)
  An orc priest (D:3)
  A bullfrog skeleton (D:4)
  A gnoll (D:1)
  5 adders
  An adder skeleton (D:4)
  A worm (D:2)
  3 dart slugs
  4 orcs (D:3)
  7 ball pythons
  10 endoplasms
  2 giant cockroaches (D:2)
  10 hobgoblins
  2 quokkas
  7 bats
  6 frilled lizards
  7 goblins
  9 kobolds
  5 rats
83 creatures vanquished.

Notes
Turn   | Place    | Note
-------+----------+-------------------------------------------
     0 | D:1      | dianekeaton the Hill Orc Fighter began the quest for the
                  | Orb.
     0 | D:1      | Reached XP level 1. HP: 19/19 MP: 1/1
    90 | D:1      | Reached skill level 3 in Axes
   196 | D:1      | Reached XP level 2. HP: 24/26 MP: 2/2
   494 | D:1      | Reached skill level 4 in Axes
   664 | D:1      | Reached XP level 3. HP: 9/31 MP: 3/3
  1258 | D:2      | Reached skill level 5 in Axes
  1732 | D:2      | Reached XP level 4. HP: 14/39 MP: 4/4
  2162 | D:2      | Reached skill level 6 in Axes
  2557 | D:3      | Reached XP level 5. HP: 40/45 MP: 5/5
  2562 | D:3      | Reached skill level 7 in Axes
  2687 | D:3      | Found a faded altar of an unknown god.
  2955 | D:3      | Found Neajeecw's General Store.
  2963 | D:3      | Bought a scroll of teleportation for 42 gold pieces
  2963 | D:3      | Bought a scroll of identify for 28 gold pieces
  3323 | D:4      | Reached skill level 8 in Axes
  3323 | D:4      | Reached XP level 6. HP: 35/51 MP: 6/6
  3476 | D:4      | Found a white marble altar of Elyvilon.
  3514 | D:4      | Noticed Blork the orc
  3514 | D:4      | Noticed Sigmund
  3514 | D:4      | Noticed an ice beast
  3519 | D:4      | Found a staircase to the Ecumenical Temple.
  3600 | D:4      | HP: 1/51 [hound (3)]
  3605 | D:4      | Shot with a bolt by a kobold

Illustrated notes

Levels and vault maps discovered:
D:1:      dpeg_arrival_refuge, layout_loops_corners
D:2:      layout_basic, minmay_fountain_box, amcnicky_mini_pool_small,
          hangedman_abyss_or_decor_stabs
D:3:      layout_loops_ring, serial_shops, shop,
          dreamdust_ecumenical_altar_statues, moated_statue
D:4:      cheibrodos_quashed, layout_cave_pools, elyvilon_altar_1, temple_hall,
          uniq_blork_the_orc, uniq_sigmund

Skill      XL: |  1  2  3  4  5 |
---------------+----------------+-----
Axes           | 3 4 5 6 8 |  8.3
Fighting       | |  3.6
Armour         | |  3.2
Dodging        | |  0.3
Shields        | |  3.2

Action                   |  1- 3 |  4- 6 || total
-------------------------+-------+-------++-------
Melee: War axe           |    90 |   124 ||   214
  Use: Scroll            |     7 |     9 ||    16
       Potion            |       |     1 ||     1
Armor: Chain mail        |    53 |    81 ||   134
       Scale mail        |     2 |       ||     2
Dodge: Dodged            |    17 |    21 ||    38
Block: Kite shield       |    58 |   103 ||   161
